 Dungeon Sprint DCSS version 0.21-a0-110-g8e1637b (webtiles) character file.

749 Kidiri the Covert (level 7, -2/37 HPs)
             Began as a Spriggan Enchanter on July 7, 2017.
             Slain by a tyrant leech (35 damage)
             ... in the Dungeon (Sprint II: "The Violet Keep of Menkaure").
             The game lasted 00:01:43 (203 turns).

Kidiri the Covert (Spriggan Enchanter)               Turns: 203, Time: 00:01:44

Health: -2/37      AC:  2    Str:  4    XL:     7   Next: 48%
Magic:  3/20       EV: 27    Int: 17    God:
Gold:   486        SH:  0    Dex: 18    Spells: 11/23 levels left

rFire    . . .     SeeInvis +   a - +1 dagger
rCold    . . .     Gourm    .   (shield restricted)
rNeg     . . .     Faith    .   b - +0 robe
rPois    .         Spirit   .   (helmet restricted)
rElec    .         Reflect  .   (no cloak)
rCorr    .         Harm     .   (gloves unavailable)
MR       +....     NoTele   +   (boots unavailable)
Stlth    +++++.....             (no amulet)
HPRegen  0.12/turn              (no ring)
MPRegen  0.17/turn              (no ring)

@: very slightly contaminated, very quick
A: unfitting armour, see invisible, herbivore 3, speed 3, slow metabolism 2
a: no special abilities


You were in the Dungeon.
You were not hungry.

You visited 1 branch You collected 486 gold pieces.

Inventory:

Hand Weapons
 a - a +1 dagger (weapon)
Armour
 b - a +0 robe (worn)
Scrolls
 j - a scroll of blinking
Potions
 e - a potion of curing
 f - a potion of heal wounds
 g - a potion of haste
 h - 2 potions of magic
Books
 c - a book of Maledictions

   Spells                             Type                      Level
   a - Corona                         Hexes                        1
   b - Ensorcelled Hibernation        Hexes/Ice                    2
   c - Confuse                        Hexes                        3
   d - Tukima's Dance                 Hexes                        3
   e - Dazzling Spray                 Conjuration/Hexes            3
Comestibles
 d - a bread ration


   Skills:
 + Level 3.7 Fighting
 * Level 7.6 Short Blades
 + Level 3.6 Armour
 * Level 10.3 Dodging
 * Level 11.4 Stealth
 * Level 8.8 Spellcasting
 + Level 1.8 Conjurations
 + Level 6.9 Hexes


You had 11 spell levels left.
You knew the following spells:

 Your Spells              Type           Power        Failure   Level  Hunger
a - Corona                Hex            ####...      1%          1    None
b - Ensorcelled Hibernat  Hex/Ice        ###...       3%          2    None
c - Confuse               Hex            ####....     1%          3    None
d - Tukima's Dance        Hex            ####....     1%          3    None
e - Dazzling Spray        Conj/Hex       ###...       4%          3    None


Dungeon Overview and Level Annotations

Branches:
Dungeon (1/1)

Altars:

Shops:
D ?


Innate Abilities, Weirdness & Mutations

You are very small and have problems with some larger weapons.
You are too small for most types of armour.
You have supernaturally acute eyesight. (SInv)
You are a herbivore.
You cover ground extremely quickly.
You need consume almost no food.


Message History

Unknown command.
The tyrant leech misses you.
You hit the tyrant leech.
The tyrant leech is lightly wounded.
The tyrant leech is no longer blind.
The tyrant leech closely misses you.
You hit the tyrant leech.
The tyrant leech is lightly wounded.
The tyrant leech misses you.
You strike the helpless tyrant leech from behind!
You impale the tyrant leech!!
The tyrant leech is heavily wounded.
You barely miss the tyrant leech.
The tyrant leech is heavily wounded.
The tyrant leech bites the tyrant leech.
The tyrant leech draws strength from the tyrant leech's injuries!
You barely miss the tyrant leech.
The tyrant leech is heavily wounded.
The tyrant leech bites you!!
Ouch! That really hurt!
You die...

##≈≈≈.........#
∩#≈≈≈≈†##+##..#
.#≈≈≈≈##...## ##
.#≈≈≈≈#..#..# .#
.#≈≈# ##.).#### .##
.#≈##. ##+###.##..#
.#≈#$..##.##.#.#..#
.+ #'ww.'###+..#
#...##@##.#.#.§..#
##. #+# #.##§§....≈
# ##. ### §.....≈
#3 ≈≈≈≈..≈ ##
§§§§†.≈ ≈≈§≈≈§≈
≈≈≈≈≈§≈


You could see 2 tyrant leeches.

Vanquished Creatures
  A merfolk siren (D)
  2 hippogriffs (D)
  A crocodile (D)
4 creatures vanquished.

Vanquished Creatures (others)
  Menkaure (D)
  A crocodile (D)
2 creatures vanquished.

Grand Total: 6 creatures vanquished

Notes
Turn   | Place    | Note
-------+----------+-------------------------------------------
     0 | D        | Kidiri the Spriggan Enchanter began the quest for the Orb.
     0 | D        | Reached XP level 1. HP: 9/9 MP: 5/5
     1 | D        | Noticed a merfolk siren
    13 | D        | Killed a merfolk siren
    13 | D        | Reached skill level 9 in Stealth
    13 | D        | Reached skill level 5 in Hexes
    13 | D        | Reached XP level 2. HP: 16/16 MP: 6/11
    13 | D        | Reached XP level 3. HP: 20/20 MP: 6/12
    13 | D        | Reached XP level 4. HP: 24/24 MP: 7/14
    13 | D        | Reached XP level 5. HP: 28/28 MP: 7/15
    13 | D        | Reached XP level 6. HP: 32/32 MP: 7/17
    27 | D        | Learned a level 2 spell: Ensorcelled Hibernation
    31 | D        | Learned a level 3 spell: Confuse
    35 | D        | Learned a level 3 spell: Tukima's Dance
    39 | D        | Learned a level 3 spell: Dazzling Spray
    74 | D        | Killed Menkaure
    80 | D        | Noticed a hippogriff
    80 | D        | Noticed a hippogriff
    83 | D        | Noticed a neqoxec
    86 | D        | Noticed a tyrant leech
    86 | D        | Noticed a tyrant leech
    93 | D        | Killed a hippogriff
    93 | D        | Reached skill level 10 in Stealth
    93 | D        | Reached skill level 1 in Conjurations
   103 | D        | Killed a hippogriff
   103 | D        | Reached skill level 10 in Dodging
   103 | D        | Reached skill level 11 in Stealth
   103 | D        | Reached XP level 7. HP: 28/37 MP: 15/20
   125 | D        | Found Cebam's Magic Scroll Shoppe.
   203 | D        | Slain by a tyrant leech

Vault maps used:
D:        the_violet_keep_of_menkaure

Skill      XL: |  1  2  3  4  5  6 |
---------------+-------------------+-----
Fighting       | 3 |  3.7
Short Blades   | 6 7 |  7.6
Armour         | 2 3 |  3.6
Dodging        | 8 10 | 10.3
Stealth        | 9 11 | 11.4
Spellcasting   | 7 8 |  8.8
Hexes          | 5 6 |  6.9
Conjurations   | 1 |  1.8

Action                   |  1- 3 |  4- 6 |  7- 9 || total
-------------------------+-------+-------+-------++-------
Melee: Dagger            |     8 |     3 |     6 ||    17
 Cast: Ensorcelled Hiber |       |     2 |     5 ||     7
       Confuse           |       |       |     1 ||     1
       Dazzling Spray    |       |       |     1 ||     1
  Use: Potion            |     1 |       |       ||     1
 Stab: Sleeping          |       |     2 |     1 ||     3
       Confused          |       |       |     1 ||     1
Armor: Robe              |       |     1 |       ||     1
Dodge: Dodged            |     5 |     7 |     5 ||    17
